Map: Blackpink LE

Players

DaClap

  • Race: Protoss Protoss
  • League: Silver
  • Spawn Location: 1:00

Infamous - Winner!

  • Race: Protoss Protoss
  • League: Silver
  • Spawn Location: 7:00

VOD

Have the link to the VOD?

Description

Time

  • Played on: March 15, 2018, 1:42 p.m.
  • Length: 11:41
Show
View Real Time Build Order
Export as new Build Order

DaClap Protoss 

Build Orders:  

Get SALT Encoding   

  12  0:02  Probe  
  14  0:14  Probe  
  14  0:24  Pylon  
  14  0:26  Probe  
  15  0:48  Probe  
  16  0:58  Gateway, Assimilator  
  16  1:00  Probe  
  17  1:12  Probe (Chrono Boost)  
  18  1:20  Assimilator  
  18  1:24  Probe (Chrono Boost)  
  19  1:32  Probe (Chrono Boost)  
  20  1:47  Probe  
  21  1:48  Pylon  
  21  1:55  Cybernetics Core  
  21  1:59  Probe  
  22  2:06  Zealot  
  24  2:11  Probe  
  25  2:47  Probe  
  26  2:57  Stargate  
  26  2:58  Stalker  
  28  3:11  Warp Gate  
  28  3:27  Gateway  
  28  3:28  Gateway  
  28  3:30  Gateway  
  28  3:35  Nexus  
  28  3:38  Stalker  
  30  3:55  Pylon  
  30  4:03  Oracle (Chrono Boost)  
  31  4:17  Stalker  
  31  4:18  Stalker  
  31  4:19  Stalker  
  37  4:35  Pylon  
  37  4:47  Probe (Chrono Boost)  
  38  4:57  Probe (Chrono Boost)  
  38  4:59  Stalker  
  41  5:00  Stalker  
  41  5:02  Probe (Chrono Boost)  
  44  5:14  Probe  
  45  5:26  Probe  
  43  5:47  Pylon  
  45  5:55  Void Ray  
  47  5:59  Forge  
  47  6:08  Shield Battery  
  47  6:11  Stalker x2  
  47  6:18  Pylon  
  51  6:31  Stalker x2  
  55  6:34  Probe  
  56  6:46  Probe  
  57  6:47  Robotics Facility  
  57  6:52  Gateway  
  57  6:57  Gateway  
  57  7:02  Probe (Chrono Boost)  
  57  7:07  Protoss Ground Weapons Level 1 (Chrono Boost)  
  58  7:11  Forge  
  58  7:12  Probe (Chrono Boost)  
  59  7:17  Probe (Chrono Boost)  
  60  7:24  Twilight Council  
  60  7:28  Probe  
  61  7:31  Pylon  
  59  7:40  Probe  
  58  7:56  Stalker x3  
  58  7:57  Stalker  
  66  8:00  Immortal  
  66  8:01  Protoss Ground Armor Level 1 (Chrono Boost)  
  66  8:03  Pylon  
  70  8:06  Pylon  
  70  8:07  Charge (Chrono Boost)  
  70  8:15  Stalker  
  70  8:16  Stalker  
  74  8:32  Assimilator  
  74  8:36  Assimilator  
  74  8:37  Stalker x2  
  74  8:38  Stalker  
  74  8:40  Observer  
  81  9:01  Immortal  
  85  9:11  Stalker  
  85  9:12  Stalker  
  85  9:16  Probe (Chrono Boost)  
  90  9:26  Probe (Chrono Boost)  
  91  9:31  Probe (Chrono Boost)  
  91  9:32  Pylon  
  91  9:34  Pylon  
  91  9:38  Gateway  
  92  9:59  Zealot x2  
  96  10:00  Zealot x4  
  104  10:08  Immortal  
  108  10:21  Pylon  
  90  10:30  Stalker  
  90  10:31  Stalker x5  
  46  10:57  Stalker  
  46  10:58  Stalker x2  
  46  10:59  Gateway  
  46  11:01  Gateway  
  52  11:09  Stalker x2  
  56  11:21  Stalker x2  
  58  11:32  Stalker x2  
  48  11:36  Stalker  
Show
View Real Time Build Order
Export as new Build Order

Infamous Protoss - Winner!

Build Orders:  

Get SALT Encoding   

  12  0:01  Probe  
  13  0:14  Probe  
  14  0:21  Pylon  
  14  0:32  Probe  
  15  0:39  Gateway  
  15  0:46  Probe  
  16  1:00  Probe  
  16  1:02  Assimilator  
  17  1:12  Probe  
  18  1:26  Cybernetics Core  
  18  1:27  Probe  
  19  1:43  Probe  
  20  1:48  Pylon  
  20  1:57  Pylon  
  20  2:15  Assimilator  
  20  2:33  Warp Gate (Chrono Boost)  
  20  2:36  Pylon  
  19  2:43  Probe  
  19  2:44  Zealot  
  22  2:51  Pylon  
  22  2:59  Probe  
  22  3:01  Pylon  
  23  3:12  Probe, Twilight Council  
  24  3:23  Gateway x2  
  24  3:25  Probe  
  25  3:29  Stalker  
  27  3:45  Probe  
  28  3:52  Pylon  
  28  3:55  Nexus  
  28  3:57  Pylon, Probe  
  27  4:17  Forge  
  27  4:20  Stalker x2  
  31  4:31  Probe  
  32  4:38  Robotics Facility  
  32  4:40  Shield Battery  
  32  4:43  Probe  
  33  4:54  Protoss Ground Weapons Level 1  
  33  5:05  Probe, Photon Cannon  
  34  5:07  Probe  
  32  5:25  Observer  
  32  5:30  Stalker x3  
  36  5:41  Probe x2  
  38  5:53  Probe  
  39  5:59  Gateway  
  39  6:01  Gateway  
  39  6:12  Probe  
  40  6:24  Probe  
  40  6:25  Probe  
  42  6:33  Stalker x3  
  48  6:52  Probe x2  
  50  6:55  Assimilator  
  50  6:56  Protoss Ground Armor Level 1 (Chrono Boost)  
  50  6:57  Assimilator  
  50  7:00  Pylon  
  50  7:05  Pylon  
  50  7:11  Templar Archives  
  50  7:15  Sentry  
  52  7:28  Zealot x3  
  52  7:29  Zealot  
  58  7:48  Sentry  
  60  7:55  Stalker  
  60  7:56  Stalker  
  60  7:58  Zealot x2  
  68  8:03  Charge (Chrono Boost)  
  68  8:07  Immortal (Chrono Boost)  
  72  8:27  Probe x2  
  74  8:43  High Templar  
  76  8:50  Zealot  
  76  8:51  Zealot x3  
  76  8:54  Immortal (Chrono Boost)  
  88  9:23  High Templar x2  
  88  9:24  High Templar  
  94  9:34  Pylon  
  94  9:36  Pylon  
  94  9:56  Probe x2  
  94  9:57  Forge  
  94  9:59  Stalker x4  
  104  10:05  Archon x2  
  72  10:43  Stalker x4  
  72  10:44  Stalker  
  74  10:52  Immortal  
  76  11:08  Sentry x3  
  71  11:35  Stalker x4  
  71  11:36  Stalker  
Tags
 
Matchup
PvP
Replay Pack
Last Remnant (2)
Spawn Locations
Cross Positions
Add a new tag
Caveats
  • Supply blocks, unpowered buildings, or Contaminate may cause inaccurate times.
  • Supply counts are checked every 10 seconds.